 Dungeon Crawl Stone Soup version 0.26.1-2-gb8aa6d0cf2 (webtiles) character file.

Game seed: 7153168754113085336

1905 pascalblue the Gusty (level 8, -9/41 HPs)
             Began as a Deep Elf Air Elementalist on Mar 8, 2021.
             Was a Follower of Vehumet.
             Mangled by a purple ugly thing (19 damage)
             ... on level 7 of the Dungeon.
             The game lasted 00:27:43 (8254 turns).

pascalblue the Gusty (Deep Elf Air Elementalist)    Turns: 8254, Time: 00:27:43

Health: -9/41      AC:  3    Str:  5    XL:     8   Next: 94%
Magic:  13/20      EV: 17    Int: 23    God:    Vehumet [*.....]
Gold:   507        SH:  0    Dex: 15    Spells: 3/21 levels left

rFire    + . .     SeeInvis .   r - +3 trident (distort)
rCold    . . .     Faith    .   (no shield)
rNeg     . . .     Spirit   .   a - +0 robe
rPois    .         Reflect  .   (no helmet)
rElec    .         Harm     .   g - +0 cloak
rCorr    .         Rampage  .   (no gloves)
Will     .....                  (no boots)
Stlth    ++........             B - amulet of magic regeneration
HPRegen  0.13/turn              c - +4 ring of evasion
MPRegen  0.42/turn              j - ring of protection from fire

@: sluggish, hasted
A: blurry vision 1
a: Renounce Religion


You were on level 7 of the Dungeon.
You worshipped Vehumet.
Vehumet was aware of your devotion.
You visited 2 branches of the dungeon, and saw 8 of its levels.

You collected 507 gold pieces.

Inventory:

Hand Weapons
 f - a +3 mace of protection
 i - a -2 hunting sling
 p - a +0 hand crossbow
 r - a +3 trident of distortion (weapon)
 v - a +0 short sword
 w - a +1 war axe of venom
 F - a +2 mace of holy wrath
Missiles
 b - 4 datura-tipped darts
 e - 4 silver boomerangs
 m - 147 stones
 n - 94 sling bullets
 o - a throwing net
 C - 9 poisoned darts
Armour
 a - a +0 robe (worn)
 g - a +0 cloak (worn)
Magical Staves
 E - an uncursed staff of fire
Jewellery
 c - a +4 ring of evasion (left hand)
 d - a -4 ring of evasion
 h - an uncursed amulet of faith
 j - a ring of protection from fire (right hand)
 B - an amulet of magic regeneration (around neck)
Wands
 y - a wand of digging (9)
 G - a wand of random effects (14)
Scrolls
 k - 3 scrolls of identify
 t - 2 scrolls of teleportation
 x - 4 scrolls of remove curse
 A - 2 scrolls of blinking
 D - a scroll of fear
Potions
 l - 2 potions of curing
 q - 3 potions of resistance
 s - a potion of might
 u - a potion of haste
 z - 2 potions of berserk rage


   Skills:
 - Level 2.4 Dodging
 - Level 2.4 Stealth
 + Level 7.1 Spellcasting
 * Level 7.6 Conjurations
 * Level 1.9 Hexes
 * Level 7.6 Air Magic
 + Level 3.1 Evocations


You had 3 spell levels left.
You knew the following spells:

 Your Spells              Type           Power        Failure   Level
a - Shock                 Conj/Air       100%         1%          1
b - Swiftness             Air            43%          1%          2
c - Static Discharge      Conj/Air       43%          1%          3
d - Lightning Bolt        Conj/Air       21%          9%          5
e - Airstrike             Air            21%          3%          4
f - Tukima's Dance        Hex            17%          11%         3

Your spell library contained the following spells:

 Spells                   Type           Power        Failure   Level
 Sandblast                Erth           16%          8%          1
 Corona                   Hex            18%          3%          1
 Dazzling Flash           Conj/Hex       60%          3%          3
 Beastly Appendage        Tmut           16%          8%          1
 Ensorcelled Hibernation  Hex/Ice        24%          8%          2
 Confusing Touch          Hex            17%          11%         3
 Wereblood                Tmut           8%           12%         2
 Spider Form              Tmut/Pois      4%           22%         3
 Ice Form                 Ice/Tmut       8%           58%         4
 Blade Hands              Tmut           4%           91%         5


Dungeon Overview and Level Annotations

Branches:
Dungeon (7/15)             Temple (1/1) D:4

Altars:
Cheibriados
Kikubaaqudgha
Makhleb
Nemelex Xobeh
Trog
Vehumet
Wu Jian
Xom
Yredelemnul
The Shining One

Annotations:
D:6 1 runed translucent door, ISoar's ghost, amateur GrFE


Innate Abilities, Weirdness & Mutations

Scrolls take you a little longer to read.


Message History

Press: ? - help, Dir - move target, f/p - purple ugly thing
Aim: a purple ugly thing (lightly wounded)
The air twists around and strikes the purple ugly thing!
The purple ugly thing is moderately wounded.
Casting: Airstrike (dangerous; 3% risk of failure)
Confirm with . or Enter, or press ? or * to list all spells.
Aiming: Airstrike (dangerous; 3% risk of failure)
Press: ? - help, Dir - move target, f/p - purple ugly thing
Aim: a purple ugly thing (moderately wounded)
The air twists around and strikes the purple ugly thing!
The purple ugly thing is moderately wounded.
Casting: Airstrike (dangerous; 3% risk of failure)
Confirm with . or Enter, or press ? or * to list all spells.
This spell is already in effect.
Really read with blurry vision while enemies are nearby? [Y]es or [N]o only, please.
Really read with blurry vision while enemies are nearby?
Okay, then.
You feel yourself speed up. The purple ugly thing engulfs you!!
You die...

#.... #... .... #... #..#
#..# #..# ##+#.@# #....u#
+.....# #.....# ## #.....# .#
#.....#####.# #.....# ..#.#
###############..#.#.#.#
........<........#.#.#.#.####


You could see a purple ugly thing.

Vanquished Creatures
  A water moccasin (D:5)
  An orc warrior (D:6)
  An ice beast (D:7)
  A sky beast (D:6)
  3 phantoms
  2 ogres
  A centaur (D:6)
  2 bullfrogs
  3 wights (D:6)
  A crimson imp (D:5)
  A jelly (D:5)
  3 orc priests
  5 hounds
  A centaur skeleton (D:4)
  A bullfrog skeleton (D:6)
  An iguana (D:4)
  Natasha (thrice) (D:4)
  2 orc wizards
  A worker ant (D:4)
  A mummy (D:5)
  11 adders
  2 white imps
  2 ufetubi
  An ooze (D:2)
  An adder skeleton (D:4)
  An adder zombie (D:6)
  4 worms (D:2)
  3 dart slugs (D:4)
  2 leopard geckos
  10 orcs
  2 bats (D:2)
  6 giant cockroaches
  4 goblins
  2 hobgoblins
  7 jackals
  7 kobolds
  3 quokkas
  5 ball pythons
  10 frilled lizards
  5 rats (D:1)
123 creatures vanquished.

Vanquished Creatures (others)
  A wizard (D:3)
  A plant (D:5)
  2 withered plants (D:6)
4 creatures vanquished.

Grand Total: 127 creatures vanquished

Notes
Turn   | Place    | Note
-------+----------+-------------------------------------------
     0 | D:1      | pascalblue the Deep Elf Air Elementalist began the quest
                  | for the Orb.
     0 | D:1      | Reached XP level 1. HP: 10/10 MP: 6/6
   292 | D:1      | Reached XP level 2. HP: 15/15 MP: 6/8
   328 | D:1      | Learned a level 2 spell: Swiftness
  1111 | D:2      | Reached XP level 3. HP: 8/19 MP: 1/9
  2019 | D:2      | Reached XP level 4. HP: 24/24 MP: 3/11
  2294 | D:2      | Found a burning altar of Makhleb.
  2490 | D:2      | Reached XP level 5. HP: 28/28 MP: 7/13
  2494 | D:2      | Learned a level 3 spell: Static Discharge
  2500 | D:2      | Learned a level 5 spell: Lightning Bolt
  3207 | D:3      | Found a bloodstained altar of Trog.
  3208 | D:3      | Noticed a wizard
  3213 | D:3      | Killed a wizard
  3412 | D:3      | You fall into a shaft and drop 2 floors!
  3412 | D:5      | Entered Level 5 of the Dungeon
  3413 | D:5      | Noticed a water moccasin
  3418 | D:5      | Killed a water moccasin
  3419 | D:5      | Reached XP level 6. HP: 26/32 MP: 7/14
  3596 | D:5      | Reached skill level 5 in Air Magic
  3778 | D:5      | Reached skill level 5 in Spellcasting
  3778 | D:5      | Reached skill level 5 in Conjurations
  4165 | D:5      | Reached XP level 7. HP: 20/36 MP: 11/16
  5440 | D:4      | Found a staircase to the Ecumenical Temple.
  5478 | Temple   | Entered the Ecumenical Temple
  5487 | Temple   | Became a worshipper of Vehumet
  5681 | D:4      | Noticed Natasha
  5684 | D:4      | Killed Natasha
  5755 | D:4      | Reached skill level 1 in Evocations
  5784 | D:4      | Noticed Natasha
  5789 | D:4      | Killed Natasha
  5849 | D:4      | Noticed Natasha
  5883 | D:4      | Killed Natasha
  6038 | D:3      | Reached * piety under Vehumet
  6038 | D:3      | Offered knowledge of Sandblast by Vehumet.
  6310 | D:6      | Learned a level 4 spell: Airstrike
  6333 | D:6      | Reached XP level 8. HP: 41/41 MP: 13/19
  7141 | D:6      | Found a runed translucent door.
  7141 | D:6      | Noticed ISoar's ghost (amateur GrFE)
  7736 | D:6      | Gained mutation: Scrolls take you a little longer to read.
                  | [mutagenic glow]
  7760 | D:6      | Learned a level 3 spell: Tukima's Dance
  8031 | D:7      | Reached skill level 1 in Hexes
  8207 | D:7      | Noticed a purple ugly thing
  8254 | D:7      | Mangled by a purple ugly thing

Illustrated notes

Levels and vault maps discovered:
D:1:      matt_arrival_los_fun, layout_loops_ring, minmay_misc_feat_rows
D:2:      minmay_spotlight, layout_loops_cross, makhleb_blood_cavern_becter
D:3:      layout_loops_ring, trog_wizard
D:4:      layout_basic, minmay_temple_entry_mini_moons, roderic_serpentine_path,
          uniq_natasha
D:5:      layout_loops_ring, serial_bayou, serial_bayou_shore_b,
          serial_bayou_shore_b, serial_bayou_lagoon_a, serial_bayou_pond_b,
          gup_ossuary_entry_pyramid, minmay_fire_ice_demons
D:6:      layout_basic, gammafunk_ghost_grave
D:7:      layout_basic, amcnicky_mini_corridor_feature, uniq_pikel, uniq_duvessa
Temple:   regret_index_temple_chain_breaker

Skill      XL: |  1  2  3  4  5  6  7  8 |
---------------+-------------------------+-----
Conjurations   | 2 3 4 5 6 7 |  7.6
Air Magic      | 4 5 6 7 |  7.6
Spellcasting   | 4 5 6 7 |  7.1
Evocations     | 1 3 |  3.1
Hexes          | 1 |  1.9
Dodging        | |  2.4
Stealth        | |  2.4

Action                   |  1- 3 |  4- 6 |  7- 9 || total
-------------------------+-------+-------+-------++-------
Melee: Trident           |       |     1 |     3 ||     4
 Cast: Shock             |   101 |    90 |   162 ||   353
       Static Discharge  |       |     1 |    18 ||    19
       Airstrike         |       |       |     4 ||     4
       Swiftness         |       |       |     1 ||     1
  Use: Scroll            |     3 |     9 |     6 ||    18
       Potion            |       |       |     1 ||     1
Armor: Robe              |     5 |     2 |     2 ||     9
Dodge: Dodged            |    35 |    21 |    51 ||   107
